 Dungeon Crawl Stone Soup version 0.23.2-40-g277498a001 (webtiles) character file.

Game seed: 9740692326832867678

1255 Exodus22XD the Magician (level 8, -3/41 HPs)
             Began as a Deep Elf Wizard on Aug 27, 2019.
             Slain by a gnoll
             ... wielding a +0 spear
              (10 damage)
             ... on level 6 of the Dungeon.
             The game lasted 00:25:19 (5629 turns).

Exodus22XD the Magician (Deep Elf Wizard)           Turns: 5629, Time: 00:25:20

Health: -3/41      AC:  4    Str:  4    XL:     8   Next: 26%
Magic:  5/21       EV: 13    Int: 26    God:
Gold:   256        SH:  0    Dex: 13    Spells: 10/21 levels left

rFire    . . .     SeeInvis .   h - +4 quarterstaff (chaos)
rCold    . . .     Gourm    .   (shield currently unavailable)
rNeg     . . .     Faith    .   a - +0 robe
rPois    .         Spirit   .   b - +0 hat
rElec    .         Reflect  .   i - +1 cloak
rCorr    .         Harm     .   (no gloves)
MR       .....                  (no boots)
Stlth    +.........             q - amulet of rage
HPRegen  0.13/turn              (no ring)
MPRegen  0.17/turn              (no ring)

@: very slightly contaminated, glowing
A: no striking features
a: Evoke Berserk Rage


You were on level 6 of the Dungeon.
You were near starving.

You visited 1 branch of the dungeon, and saw 6 of its levels.

You collected 256 gold pieces.

Inventory:

Hand Weapons
 h - a +4 quarterstaff of chaos (weapon)
 l - a +2 dagger of flaming
 p - a +0 dagger of venom
 w - the +5 dagger "Faalurph" {pierce, -Tele rC+ Str+3 Dex+5}
   (You found it on level 5 of the Dungeon)

   It inflicts extra damage upon your enemies.
   It affects your strength (+3).
   It affects your dexterity (+5).
   It protects you from cold.
   It prevents most forms of teleportation.
Armour
 a - a +0 robe (worn)
 b - a +0 hat (worn)
 i - a +1 cloak (worn)
Jewellery
 q - an amulet of rage (around neck)
Scrolls
 e - a scroll of remove curse {unknown}
 g - a scroll of enchant armour {unknown}
 k - a scroll of magic mapping {unknown}
 n - 3 scrolls of teleportation {unknown}
 t - 3 scrolls of identify {unknown}
 y - a scroll of blinking {unknown}
 z - a scroll of amnesia {unknown}
 A - a scroll of fog {unknown}
Potions
 c - a potion of curing
 f - a potion of brilliance {unknown}
 j - 2 potions of agility
 m - a potion of flight {unknown}
 o - 2 potions of might {unknown}
 r - a potion of cancellation {unknown}
 s - a potion of haste {unknown}
 u - a potion of degeneration {unknown}
 v - a potion of mutation {unknown}
Comestibles
 d - 10 rations


   Skills:
 - Level 0.1 Staves
 - Level 2.4 Dodging
 - Level 2.6 Stealth
 * Level 7.3 Spellcasting
 - Level 7.0 Conjurations
 - Level 3.1 Summonings
 - Level 1.1 Translocations
 - Level 4.3 Fire Magic
 - Level 3.1 Air Magic


You had 10 spell levels left.
You knew the following spells:

 Your Spells              Type           Power        Failure   Level  Hunger
a - Magic Dart            Conj           ####         1%          1    None
b - Call Imp              Summ           ####....     2%          2    None
c - Blink                 Tloc           N/A          6%          2    None
d - Conjure Flame         Conj/Fire      #####...     1%          3    None
e - Mephitic Cloud        Conj/Pois/Air  ####....     4%          3    None

Your spell library contained the following spells:

 Spells                   Type           Power        Failure   Level  Hunger
 Slow                     Hex            #.......     9%          2    None


Dungeon Overview and Level Annotations

Branches:
Dungeon (6/15)
 Temple: D:4-7

Altars:
Dithmenos
Gozag
Makhleb
Nemelex Xobeh
Sif Muna
Vehumet
The Shining One

Shops:
D:5 %

Annotations:
D:6 1 runed translucent door, Alannah's ghost, novice DsGl


Message History

The gnoll shaman calls upon its god to heal something.
Casting: Blink (safe; 6% risk of failure)
Confirm with . or Enter, or press ? or * to list all spells.
You miscast Blink.
You are very lightly contaminated with residual magic.
You feel a wrenching sensation.
The gnoll hits you from afar with a +0 halberd!
Unknown command.
Casting: Blink (safe; 6% risk of failure)
Confirm with . or Enter, or press ? or * to list all spells.
You blink.
The gnoll barely misses you. The gnoll completely misses you.
The gnoll shaman calls upon its god to heal the gnoll.
The gnoll's wounds heal themselves!
The gnoll closely misses you.
The gnoll shaman looks more healthy.
There is a stone staircase leading down here.
The gnoll hits you from afar with a +0 halberd!
* * * LOW HITPOINT WARNING * * *
The gnoll hits you from afar with a +0 spear!
You die...

#.....## #......##
##..#....##
##..###....################
##..#####.............g.....
#..###.###..##..##g.########
#.###._.###.###.#......# ##
#..###.###..###.g#.....# #.
#...#'#'#..@g...##.....####.
#....###.....g.g#.......g...
#.##..#......g...g.....####.
#.###...#......g.......###..
#.#######.................g.
#................#..........
##########.....#.#.....#.##.
#.......###.###.###
####..##..#...###.#


You could see 7 gnolls.

Vanquished Creatures
  An ice beast (D:5)
  2 sky beasts
  2 ogres (D:4)
  A centaur (D:5)
  3 scorpions
  2 crimson imps (D:6)
  Crazy Yiuf (D:2)
  A gnoll shaman (D:5)
  A hound (D:4)
  A bullfrog skeleton (D:2)
  An iguana (D:6)
  3 worker ants
  A hound skeleton (D:4)
  4 gnolls
  4 adders
  2 oozes
  3 worms
  A dart slug (D:2)
  2 leopard geckos
  5 orcs
  4 ball pythons
  5 giant cockroaches
  12 goblins
  2 hobgoblins
  4 jackals (D:2)
  10 kobolds
  3 quokkas
  9 bats
  A frilled lizard (D:1)
  6 rats
97 creatures vanquished.

Vanquished Creatures (collateral kills)
  Grinder (D:4)
1 creature vanquished.

Grand Total: 98 creatures vanquished

Notes
Turn   | Place    | Note
-------+----------+-------------------------------------------
     0 | D:1      | Exodus22XD the Deep Elf Wizard began the quest for the Orb.
     0 | D:1      | Reached XP level 1. HP: 10/10 MP: 7/7
   270 | D:1      | Reached XP level 2. HP: 15/15 MP: 6/9
   274 | D:1      | Learned a level 2 spell: Call Imp
   277 | D:1      | Learned a level 2 spell: Blink
   930 | D:2      | Found a burning altar of Makhleb.
  1036 | D:2      | Reached XP level 3. HP: 8/19 MP: 0/10
  1238 | D:2      | Found a radiant altar of Vehumet.
  1426 | D:2      | Reached XP level 4. HP: 20/24 MP: 0/12
  1657 | D:2      | Learned a level 3 spell: Conjure Flame
  1661 | D:2      | Learned a level 3 spell: Mephitic Cloud
  1854 | D:2      | Found a runed translucent door.
  1855 | D:2      | Noticed Crazy Yiuf
  1907 | D:2      | Killed Crazy Yiuf
  2288 | D:2      | Reached XP level 5. HP: 28/28 MP: 6/13
  2487 | D:3      | Reached skill level 1 in Fire Magic
  2926 | D:4      | Noticed an ogre
  2932 | D:4      | Killed an ogre
  2941 | D:4      | Noticed an ogre
  2950 | D:4      | Killed an ogre
  2950 | D:4      | Reached XP level 6. HP: 32/32 MP: 0/14
  3083 | D:4      | Noticed Grinder
  3244 | D:4      | Killed Grinder
  3244 | D:4      | Reached skill level 5 in Conjurations
  3383 | D:4      | Found a deep blue altar of Sif Muna.
  3384 | D:4      | Found a shadowy altar of Dithmenos.
  3389 | D:4      | Found an opulent altar of Gozag.
  3431 | D:4      | Reached skill level 1 in Air Magic
  3498 | D:4      | Reached XP level 7. HP: 30/36 MP: 6/15
  4050 | D:5      | Entered Level 5 of the Dungeon
  4449 | D:5      | Found Xineduv's Food Boutique.
  4491 | D:5      | Got a faintly glowing dagger
  4492 | D:5      | Identified the +5 dagger "Faalurph" {pierce, -Tele rC+
                  | Str+3 Dex+5} (You found it on level 5 of the Dungeon)
  4567 | D:5      | Found a glowing golden altar of the Shining One.
  4868 | D:5      | Reached skill level 5 in Spellcasting
  4918 | D:5      | Reached XP level 8. HP: 41/41 MP: 3/18
  5264 | D:6      | Found a runed translucent door.
  5266 | D:6      | Noticed Alannah's ghost (novice DsGl)
  5486 | D:6      | Found a sparkling altar of Nemelex Xobeh.
  5629 | D:6      | Slain by a gnoll

Skill      XL: |  1  2  3  4  5  6  7  8 |
---------------+-------------------------+-----
Conjurations   | 2 3 4 5 7 |  7.0
Summonings     | 3 |  3.1
Fire Magic     | 4 |  4.3
Air Magic      | 2 3 |  3.1
Spellcasting   | 5 7 |  7.3
Staves         | |  0.1
Dodging        | |  2.4
Stealth        | |  2.6
Translocations | |  1.1

Action                   |  1- 3 |  4- 6 |  7- 9 || total
-------------------------+-------+-------+-------++-------
Melee: Unarmed           |    10 |       |       ||    10
       Dagger            |     1 |       |     6 ||     7
       Quarterstaff      |       |     7 |     7 ||    14
 Cast: Magic Dart        |    70 |    88 |   102 ||   260
       Mephitic Cloud    |       |     3 |    11 ||    14
       Conjure Flame     |       |     5 |    10 ||    15
       Call Imp          |       |    13 |       ||    13
       Blink             |       |       |     4 ||     4
  Use: Potion            |       |     2 |     2 ||     4
 Stab: Confused          |       |       |     1 ||     1
  Eat: Chunk             |     1 |     6 |     6 ||    13
Armor: Robe              |     7 |     4 |     4 ||    15
Dodge: Dodged            |    19 |    17 |    25 ||    61
